 Dungeon Crawl Stone Soup version 0.27.1-3-gb3d3a73c9e (webtiles) character file.

Game seed: 16386936063986118505

21420 Urokeeper the Impaler (level 12, -32/175 HPs)
             Began as a Minotaur Berserker on Oct 20, 2021.
             Was a High Priest of Trog.
             Killed from afar by Jorgrun (38 damage)
             ... with an iron shot
             ... on level 2 of the Orcish Mines.
             The game lasted 00:54:56 (11428 turns).

Urokeeper the Impaler (Minotaur Berserker)         Turns: 11428, Time: 00:54:56

Health: -32/175    AC: 29    Str: 32    XL:     12   Next: 54%
Magic:  11/11      EV:  9    Int:  4    God:    Trog [*****.]
Gold:   1914       SH:  0    Dex: 13    Spells: 11/11 levels left

rFire    . . .     SeeInvis .   e - +5 glaive (vorpal)
rCold    . . .     Faith    .   (shield currently unavailable)
rNeg     + . .     Spirit   .   S - +3 chain mail of the True Pharaoh {rN+ Stlth+}
rPois    .         Reflect  .   (helmet unavailable)
rElec    .         Harm     .   s - +2 cloak
rCorr    .         Rampage  .   V - +3 pair of gauntlets of War {Slay+5}
Will     ++...                  A - +0 pair of boots
Stlth    ..........             r - amulet of regeneration
HPRegen  2.39/turn              t - +4 ring of protection
MPRegen  0.12/turn              T - +6 ring of strength

@: berserking, grasped by roots, strong-willed, regenerating, constricted, very
quick
A: horns 3, retaliatory headbutt, iridescent scales 1, agile 1
a: Renounce Religion, Berserk, Trog's Hand, Brothers in Arms


You were on level 2 of the Orcish Mines.
You worshipped Trog.
Trog was extremely pleased with you.
You visited 2 branches of the dungeon, and saw 15 of its levels.

You collected 2436 gold pieces.
You spent 522 gold pieces at shops.

Inventory:

Hand Weapons
 c - a +4 scythe
 e - a +5 vorpal glaive (weapon)
 j - a +2 broad axe
 k - a +0 long sword
 q - a +0 morningstar
 x - a +7 scythe of freezing
 D - a +2 dire flail of protection
Missiles
 b - 5 throwing nets
 l - 73 poisoned darts
 F - 4 curare-tipped darts (quivered)
Armour
 s - a +2 cloak (worn)
 A - a +0 pair of boots (worn)
 K - a +0 plate armour
 L - +0 acid dragon scales
 N - a +2 kite shield
 S - the +3 chain mail of the True Pharaoh (worn) {rN+ Stlth+}
   (You found it on level 12 of the Dungeon)

   rN:        It protects you from negative energy.
   Stlth:     It makes you more stealthy.
 V - the +3 pair of gauntlets of War (worn) {Slay+5}
   (You bought it in a shop on level 11 of the Dungeon)

   Slay:      It affects your accuracy & damage with ranged weapons and melee
   (+5).
Jewellery
 r - an amulet of regeneration (around neck)
 t - a +4 ring of protection (left hand)
 J - an amulet of magic regeneration
 O - a ring of see invisible
 P - a +4 ring of protection
 T - a +6 ring of strength (right hand)
Wands
 o - a wand of polymorph (8)
 p - a wand of acid (7)
 B - a wand of charming (20)
 E - a wand of flame (38)
 I - a wand of mindburst (21)
Scrolls
 d - a scroll of fear {unknown}
 f - a scroll of vulnerability {unknown}
 u - 2 scrolls of torment
 w - 2 scrolls of teleportation
 y - 3 scrolls of immolation
 G - 3 scrolls of silence
 Q - 2 scrolls of identify
 R - a scroll of summoning {unknown}
Potions
 g - 5 potions of flight {unknown}
 h - 2 potions of brilliance
 i - a potion of berserk rage
 m - 3 potions of haste
 n - 2 potions of lignification
 z - a potion of resistance
 C - a potion of might
 H - 4 potions of curing
 M - a potion of attraction {unknown}
 U - a potion of heal wounds {unknown}
Miscellaneous
 a - a phial of floods


   Skills:
 + Level 14.0 Fighting
 - Level 5.0(13.3) Axes
 - Level 4.7(5.7) Maces & Flails
 + Level 18.0(18.2) Polearms
 + Level 9.6 Armour
 + Level 6.9 Dodging


You had 11 spell levels left.
You didn't know any spells.
Your spell library was empty.

Dungeon Overview and Level Annotations

Branches:
Dungeon (13/15)            Temple (0/1) D:5            Lair (0/6) D:9
    Orc (2/2) D:9             Elf (0/3) Orc:2
 Vaults: D:13-14

Altars:
Dithmenos
Elyvilon
Makhleb
Okawaru
Qazlal
Ru
Sif Muna
Trog
Xom
Zin
Beogh

Shops:
D:11 [?   D:13 =

Annotations:
D:8 1 runed translucent door, nroviw's ghost, novice HOBe
D:11 3 runed translucent doors, unlimited1921's ghost, journeyman GnIE
Orc:2 Jorgrun


Innate Abilities, Weirdness & Mutations

You have a pair of large horns on your head.
You reflexively headbutt those who attack you in melee.
You are partially covered in iridescent scales. (AC +2)
You are agile. (Dex +2)


Message History

You kill the orc!
Trog accepts your kill.
The orc knight hits you from afar with a +0 bardiche!
The orc warrior hits you but does no damage.
Jorgrun points at you and mumbles some strange words.
The iron shot hits you!!
* * * LOW HITPOINT WARNING * * *
The grasping roots constrict you.
The orc warrior hits your two-headed ogre with a +0 battleaxe!!
The orc warrior hits your iron troll with a +0 battleaxe!
An orc warrior comes into view. It is wielding a +2 halberd of venom.
You are too berserk!
You are too berserk!
You are too berserk!
You closely miss Jorgrun. You headbutt Jorgrun!!
Jorgrun is almost dead.
Your iron troll bites the orc warrior!!!
The orc warrior dies!
Trog accepts your kill.
Your ogre barely misses Jorgrun.
An orc comes into view. It is wielding a +0 hand axe.
The orc priest barely misses you.
The orc knight roars a battlecry!
The orcs go into a battle-frenzy!
The orc warrior hits you with a +0 war axe.
* * * LOW HITPOINT WARNING * * *
The orc warrior hits your ogre with a +0 war axe.
An orc warrior comes into view. It is wielding a +0 halberd.
An orc comes into view. It is wielding a +0 dagger.
Your Fighting skill increases to level 14!
The orc shouts!
The orc warrior shouts!
You slice the orc priest!!
You kill the orc priest!
Trog accepts your kill.
You hear a shout!
The orc knight hits you from afar with a +0 bardiche!!
* * * LOW HITPOINT WARNING * * *
Jorgrun casts a spell at you. The iron shot hits you!!!
You die...

....... .#
....... ...
....(..## #...
....(...###...o
..............o
..#........o...
.#..oog)).....#
....)OO@....#
.....T.o....#
......)oo...#
.._...)o....T..
........#......
.$.....##.....o
....... ..o...
....... #.....
##..... .....


You could see Jorgrun (poisoned, ally target), 2 orc knights, a troll, 5 orc
warriors, an orc priest, 3 orcs, a friendly iron troll (summoned, berserk), a
friendly two-headed ogre (summoned, berserk, petrified) and a friendly ogre
(summoned, berserk).

Vanquished Creatures
  A boulder beetle (D:12)
  An ogre mage (D:13)
  2 two-headed ogres
  4 skeletal warriors
  An orc knight (D:12)
  A deep elf pyromancer (D:12)
  An ugly thing (D:11)
  4 manticores
  An elephant (D:9)
  An ice statue (D:9)
  3 gargoyles
  2 unseen horrors
  Psyche (D:8)
  A komodo dragon (D:12)
  3 yaktaurs (D:13)
  2 trolls (D:12)
  A meliai zombie (D:10)
  5 slime creatures (D:10)
  3 hornets
  Sigmund (D:4)
  3 shadows
  3 vampires
  2 wyverns
  3 wraiths
  11 yaks
  4 vampire mosquitoes (D:12)
  A steam dragon (D:4)
  An acid dragon (D:9)
  8 orc warriors
  2 black bears (D:9)
  A sky beast (D:7)
  A necrophage (D:5)
  A boggart (D:13)
  4 centaurs
  5 ogres
  A phantom (D:4)
  4 kobold brigands
  Blork the orc (D:5)
  2 bullfrogs
  3 gnoll sergeants
  3 scorpions
  2 howler monkeys
  3 jellies
  An electric eel (D:8)
  2 centaur zombies
  A centaur skeleton (D:6)
  A hound (D:5)
  6 orc priests
  Ijyb (D:3)
  3 iguanas
  16 orc wizards
  4 hound skeletons
  3 howler monkey zombies
  A howler monkey skeleton (D:7)
  19 gnolls
  8 adders
  A white imp (D:7)
  2 worms
  2 dart slugs
  58 orcs
  9 endoplasms
  2 giant cockroaches
  6 goblins
  10 hobgoblins
  A jackal (D:3)
  18 kobolds
  6 quokkas
  4 ball pythons
  7 bats
  3 frilled lizards
  6 rats
309 creatures vanquished.

Vanquished Creatures (collateral kills)
  2 orc warriors (Orc:2)
  An orc wizard (Orc:2)
  5 orcs (Orc:2)
8 creatures vanquished.

Vanquished Creatures (others)
  A hound skeleton (D:4)
  4 plants
5 creatures vanquished.

Grand Total: 322 creatures vanquished

Notes
Turn   | Place    | Note
-------+----------+-------------------------------------------
     0 | D:1      | Urokeeper the Minotaur Berserker began the quest for the
                  | Orb.
     0 | D:1      | Reached XP level 1. HP: 19/19 MP: 0/0
   281 | D:1      | Reached XP level 2. HP: 27/27 MP: 1/1
   589 | D:1      | Reached XP level 3. HP: 34/34 MP: 2/2
  1137 | D:1      | Reached ** piety under Trog
  1677 | D:2      | Reached skill level 5 in Fighting
  1677 | D:2      | Reached skill level 1 in Axes
  1677 | D:2      | Reached XP level 4. HP: 42/42 MP: 3/3
  1686 | D:2      | Found a faded altar of an unknown god.
  2157 | D:3      | Found a glowing silver altar of Zin.
  2188 | D:3      | Noticed Ijyb
  2196 | D:3      | Killed Ijyb
  2328 | D:3      | Reached XP level 5. HP: 45/48 MP: 4/4
  2624 | D:3      | Found a shimmering blue altar of Sif Muna.
  3044 | D:4      | Noticed a steam dragon
  3048 | D:4      | Noticed Sigmund
  3053 | D:4      | Killed a steam dragon
  3054 | D:4      | Reached XP level 6. HP: 58/58 MP: 5/5
  3057 | D:4      | Killed Sigmund
  3060 | D:4      | Reached skill level 5 in Axes
  3064 | D:4      | Reached *** piety under Trog
  3241 | D:4      | Reached skill level 2 in Polearms
  3241 | D:4      | Reached XP level 7. HP: 57/66 MP: 6/6
  3253 | D:4      | Found a stormy altar of Qazlal.
  3293 | D:4      | Reached skill level 3 in Polearms
  3541 | D:4      | Found a sacrificial altar of Ru.
  3793 | D:4      | Reached skill level 4 in Polearms
  3930 | D:5      | Entered Level 5 of the Dungeon
  4055 | D:5      | Reached skill level 5 in Polearms
  4111 | D:5      | Reached XP level 8. HP: 74/74 MP: 7/7
  4266 | D:5      | Found a staircase to the Ecumenical Temple.
  4311 | D:5      | Noticed Blork the orc
  4322 | D:5      | Killed Blork the orc
  4323 | D:5      | Reached skill level 6 in Polearms
  4536 | D:5      | Reached **** piety under Trog
  4607 | D:6      | Reached skill level 7 in Polearms
  4662 | D:6      | Noticed a hornet
  4662 | D:6      | Noticed a two-headed ogre
  4669 | D:6      | Killed a hornet
  4672 | D:6      | Killed a two-headed ogre
  4673 | D:6      | Reached skill level 9 in Polearms
  4673 | D:6      | Reached XP level 9. HP: 79/85 MP: 8/8
  4811 | D:6      | Noticed a gargoyle
  4824 | D:6      | Killed a gargoyle
  4825 | D:6      | Reached skill level 10 in Fighting
  4825 | D:6      | Reached skill level 10 in Polearms
  5544 | D:7      | Reached skill level 11 in Polearms
  5908 | D:8      | Identified 3 scrolls of acquirement
  5909 | D:8      | Acquired a manual of Polearms
  5911 | D:8      | Acquired 581 gold pieces
  5913 | D:8      | Acquired 1010 gold pieces
  6019 | D:8      | Noticed a gargoyle
  6028 | D:8      | Killed a gargoyle
  6029 | D:8      | Reached skill level 12 in Polearms
  6029 | D:8      | Reached XP level 10. HP: 95/95 MP: 9/9
  6056 | D:8      | Found a runed translucent door.
  6056 | D:8      | Found a shimmering altar of Xom.
  6056 | D:8      | Noticed nroviw's ghost (novice HOBe)
  6057 | D:8      | Noticed a +0 long sword of chaos
  6088 | D:8      | Noticed Psyche
  6095 | D:8      | Killed Psyche
  6480 | D:8      | Found a burning altar of Makhleb.
  6480 | D:8      | Found a bloodstained altar of Trog.
  6480 | D:8      | Found a white marble altar of Elyvilon.
  6480 | D:8      | Found an iron altar of Okawaru.
  6491 | D:8      | Found a shadowy altar of Dithmenos.
  6491 | D:8      | Found a shimmering altar of Xom.
  6561 | D:9      | Noticed a skeletal warrior
  6561 | D:9      | Noticed a skeletal warrior
  6577 | D:8      | Killed a skeletal warrior
  6578 | D:8      | Reached skill level 13 in Polearms
  6631 | D:9      | Killed a skeletal warrior
  6679 | D:9      | Noticed a skeletal warrior
  6694 | D:9      | Killed a skeletal warrior
  6694 | D:9      | Noticed a skeletal warrior
  6695 | D:9      | Reached skill level 14 in Polearms
  6792 | D:9      | Noticed an elephant
  6810 | D:9      | Killed an elephant
  6859 | D:9      | Reached skill level 15 in Polearms
  6859 | D:9      | Reached skill level 5 in Armour
  6861 | D:9      | Found a staircase to the Lair.
  6945 | D:9      | Reached ***** piety under Trog
  6994 | D:9      | Noticed an ice statue
  7084 | D:9      | Killed a skeletal warrior
  7085 | D:9      | Reached XP level 11. HP: 90/104 MP: 10/10
  7320 | D:9      | Reached skill level 16 in Polearms
  7320 | D:9      | Found a staircase to the Orcish Mines.
  7348 | D:9      | Received a gift from Trog
  7949 | D:10     | Entered Level 10 of the Dungeon
  8875 | D:10     | Gained mutation: You are partially covered in iridescent
                  | scales. (AC +2) [potion of mutation]
  8875 | D:10     | Gained mutation: You have a pair of large horns on your
                  | head. [potion of mutation]
  8875 | D:10     | Gained mutation: You are agile. (Dex +2) [potion of
                  | mutation]
  8917 | D:10     | Reached skill level 17 in Polearms
  9137 | D:11     | Noticed a white ugly thing
  9150 | D:11     | Killed a white ugly thing
  9246 | D:11     | Found Vajubusk's Magic Scroll Shop.
  9375 | D:11     | Found Buestro's Armour Shop.
  9419 | D:11     | Found a runed translucent gate.
  9419 | D:11     | Noticed a minotaur
  9420 | D:11     | Found a runed translucent gate.
  9420 | D:11     | Found a runed translucent gate.
  9421 | D:11     | Noticed unlimited1921's ghost (journeyman GnIE)
  9643 | D:11     | Reached skill level 5 in Dodging
  9945 | D:12     | Noticed a deep elf pyromancer
  9949 | D:12     | Killed a deep elf pyromancer
  9976 | D:12     | Noticed a boulder beetle
  9990 | D:12     | Killed a boulder beetle
  9991 | D:12     | Reached XP level 12. HP: 115/115 MP: 11/11
 10042 | D:12     | Identified the +3 chain mail of the True Pharaoh {rN+
                  | Stlth+}
 10776 | D:11     | Bought the +3 pair of gauntlets of War {Slay+5} for 522
                  | gold pieces
 10776 | D:11     | Found the +3 pair of gauntlets of War {Slay+5}
 10855 | D:13     | Found Ydof's Jewellery Shoppe.
 10984 | D:13     | Found a shadowy altar of Dithmenos.
 11133 | D:13     | Noticed an ogre mage
 11152 | D:13     | Killed an ogre mage
 11202 | D:13     | Noticed a two-headed ogre
 11220 | D:13     | Killed a two-headed ogre
 11221 | D:13     | Reached skill level 18 in Polearms
 11335 | Orc:1    | Entered Level 1 of the Orcish Mines
 11411 | Orc:2    | Entered Level 2 of the Orcish Mines
 11411 | Orc:2    | Noticed Jorgrun
 11411 | Orc:2    | Found a staircase to the Elven Halls.
 11428 | Orc:2    | HP: 6/175 [orc knight (29)]
 11428 | Orc:2    | Killed from afar by Jorgrun

Illustrated notes

Levels and vault maps discovered:
D:1:      kilobyte_arrival_exit_the_forest, layout_basic, grunt_decor_clamped
D:2:      layout_loops_ring, hellmonk_ecumenical_altar_slurped_away
D:3:      minmay_general_purpose_star, layout_basic, old_standard_altar,
          nicolae_overflow_hidden_temple, old_standard_altar, uniq_ijyb
D:4:      layout_loops_corners, grunt_qazlal_clouds, amcnicky_altar_gilded,
          serial_bayou_ford_a, uniq_sigmund
D:5:      layout_basic, minmay_temple_entry_overgrown, lightli_minifort,
          uniq_blork_the_orc
D:6:      layout_cave_pools
D:7:      layout_basic
D:8:      layout_cave_pools, minmay_overflow_temple_hex, ebering_ghost_xom,
          minmay_misc_feat_secret_circle, minmay_crystal_water, uniq_psyche
D:9:      layout_loops_cross, david_lair_generic, hiddenorc2_lemuel,
          roderic_cross_of_infinity, minivault_16, serial_bayou_pond_e
D:10:     minmay_weird_star, layout_layer_cave, eino_curves_04
D:11:     layout_loops_ring, maelrawn_ghost_gauntlet_escape, serial_shops, shop,
          nicolae_shop_trees
D:12:     layout_basic
D:13:     layout_gridville, hangedman_vaults_entry_quadrant_bands, serial_shops,
          shop, shop, nicolae_diamond_shop, kennysheep_mini_moat, shop,
          nicolae_dithmenos_shadow_blocks, uniq_kirke
Orc:1:    layout_diamond_mine
Orc:2:    st_orc_town, layout_diamond_mine, mines2_david, uniq_azrael,
          uniq_jorgrun

Skill      XL: |  1  2  3  4  5  6  7  8  9 10 11 12 |
---------------+-------------------------------------+-----
Fighting       | 4 5 6 7 8 9 11 12 13 14 | 14.0
Maces & Flails | 4 |  4.7
Axes           | 1 2 4 5 |  5.0
Polearms       | 2 5 9 12 15 17 18 | 18.0
Armour         | 5 8 9 |  9.6
Dodging        | 5 6 |  6.9

Action                   |  1- 3 |  4- 6 |  7- 9 | 10-12 || total
-------------------------+-------+-------+-------+-------++-------
Melee: Mace              |    31 |       |       |       ||    31
       Flail             |    58 |       |       |       ||    58
       Headbutt          |    13 |     8 |    17 |    62 ||   100
       Broad axe         |    16 |    72 |       |       ||    88
       Unarmed           |       |     4 |       |       ||     4
       Scythe            |       |     5 |   159 |   188 ||   352
       Glaive            |       |       |       |   189 ||   189
Throw: Dart              |       |       |       |     2 ||     2
Invok: Berserk           |     2 |     1 |     4 |    10 ||    17
       Trog's Hand       |       |     1 |       |     2 ||     3
       Brothers in Arms  |       |       |       |     3 ||     3
  Use: Scroll            |       |     2 |    10 |     4 ||    16
       Potion            |       |       |       |     6 ||     6
Armor: Chain mail        |    60 |    43 |    96 |    57 ||   256
       Plate armour      |       |       |       |   158 ||   158
Dodge: Dodged            |    54 |    39 |    73 |   104 ||   270
